 Dungeon Crawl Stone Soup version 0.30.1-9-gdf580d7c3d (webtiles) character file.

Game seed: 4362634080786959328

89 AppTheSpectato the Chiller (level 4, -1/33 HPs)
             Began as a Draconian Ice Elementalist on Oct 19, 2023.
             Slain by a gnoll
             ... wielding a +0 whip
              (4 damage)
             ... on level 4 of the Dungeon on Oct 24, 2023.
             The game lasted 00:10:56 (2330 turns).

AppTheSpectato the Chiller (DrIE)                   Turns: 2330, Time: 00:10:57

Health: -1/33      AC:  5    Str: 11    XL:     4   Next: 31%
Magic:  5/7        EV: 12    Int: 17    God:
Gold:   121        SH:  0    Dex: 11    Spells: 3/7 levels left

rFire   . . .        i - +0 dagger (venom)
rCold   . . .        (no shield)
rNeg    . . .        (body armour unavailable)
rPois   .            (helmet restricted)
rElec   .            (no cloak)
rCorr   .            (no gloves)
SInv    .            (no boots)
Will    .....        (no amulet)
Stlth   ++           (no ring)
HPRegen 0.25/turn    (no ring)
MPRegen 0.10/turn

%: no passive effects
@: no status effects
A: AC +5, unfitting armour, cold-blooded
a: no special abilities


You were on level 4 of the Dungeon.
You visited 1 branch of the dungeon, and saw 4 of its levels.

You collected 121 gold pieces.

Inventory:

Hand Weapons
 i - a +0 dagger of venom (weapon)
Wands
 k - a wand of paralysis (4)
Scrolls
 b - a scroll of summoning
 c - a scroll of acquirement {unknown}
 e - a scroll of poison
 g - a scroll of magic mapping
 h - a scroll of amnesia {unknown}
 j - a scroll of fear {unknown}
 l - a scroll of blinking {unknown}
Potions
 a - a potion of magic
 d - a potion of degeneration {unknown}
 f - a potion of cancellation {unknown}
 m - 2 potions of curing {unknown}


   Skills:
 - Level 2.0 Dodging
 - Level 2.0 Stealth
 - Level 2.4 Spellcasting
 + Level 5.4 Ice Magic


You had 3 spell levels left.
You knew the following spells:

 Your Spells              Type           Power      Damage    Failure   Level
a - Freeze                Ice            80%        1d9       1%          1
b - Frozen Ramparts       Ice            40%        1d7       6%          3

Your spell library contained the following spells:

 Spells                   Type           Power      Damage    Failure   Level
 Ozocubu's Armour         Ice            20%        N/A       6%          3
 Gell's Gravitas          Tloc           2%         N/A       50%         3
 Teleport Other           Tloc           2%         N/A       50%         3
 Summon Ice Beast         Ice/Summ       11%        N/A       52%         4
 Dispersal                Tloc           1%         N/A       100%        6


Dungeon Overview and Level Annotations

Branches:
Dungeon (3/15)

Altars:

Shops:
D:1 [

Annotations:
D:4 Dowan, Sigmund


Innate Abilities, Weirdness & Mutations

Your plain brown scales are hard. (AC +5)
You cannot fit into any form of body armour.
You are cold-blooded and may be slowed by cold attacks.


Message History

The gnoll barely misses you. The gnoll completely misses you.
Aiming: Freeze (safe; 1% risk of failure)
Press: ? - help, Q - select action, (/) - cycle Shift-Dir - straight line, f/p - gnoll
Aim: a gnoll, wielding a +0 flail (heavily wounded)
You freeze the gnoll!
You kill the gnoll!
The gnoll hits you but does no damage.
You see here a +0 flail.
The gnoll attacks as you move away! The gnoll barely misses you.
The gnoll shouts!
The gnoll attacks as you move away! The gnoll hits you with a +0 whip.
The gnoll barely misses you. The gnoll attacks as you move away!
The gnoll hits you with a +0 whip!
* * * LOW HITPOINT WARNING * * *
The gnoll attacks as you move away! The gnoll hits you with a +0 whip.
* * * LOW HITPOINT WARNING * * *
The gnoll attacks as you move away! The gnoll hits you with a +0 whip.
* * * LOW HITPOINT WARNING * * *
The gnoll attacks as you move away! The gnoll misses you.
The gnoll attacks as you move away! The gnoll closely misses you.
A kobold and a ball python come into view.
You see here 15 gold pieces.
Found 2 smoky brown potions.
The ball python hisses angrily.
Dowan, Brother of Duvessa comes into view.
He is wielding a +0 dagger.
You aren't wearing any rings or amulets.
Really read the scroll of poison?
The air fills with toxic fumes!
As you read the scroll of poison, it crumbles to dust.
The gnoll hits you with a +0 whip.
* * * LOW HITPOINT WARNING * * *
Dowan gestures at you while chanting. You resist with some effort.
Aiming: Freeze (safe; 1% risk of failure)
Press: ? - help, Q - select action, (/) - cycle Shift-Dir - straight line, f - gnoll
Aim: a gnoll, wielding a +0 whip You freeze the gnoll!
The gnoll is severely wounded.
The gnoll hits you with a +0 whip.
You die...

#.###.l.##.#
#.###.#.##)# #####
##...#.#.O..# #..§§
#......###### #...§§
#..l...#
#....o####......#
.K....§§g.Og#.#.#
.....#g###.#.#.# ... #@#
#...#.#####
##§§§§§§§#..........
#§§§§§§§#........####
#§S§§§§§#...........
e§§§§§§§§#.........####
§#§§###§###..........$gg
##§ #§# #$......#.#### #
#§# #.......#.# #
#####'#...# #


You could see Dowan, 2 gnolls, an orc (asleep) and a ball python.

Vanquished Creatures
  A gnoll (D:4)
  4 adders (D:2)
  A dart slug (D:1)
  8 endoplasms
  A giant cockroach (D:2)
  5 goblins
  4 jackals (D:2)
  A quokka (D:1)
  2 ball pythons
  4 bats
  A frilled lizard (D:2)
  5 kobolds
  2 rats
39 creatures vanquished.

Notes
Turn   | Place    | Note
-------+----------+-------------------------------------------
     0 | D:1      | AppTheSpectato the Draconian Ice Elementalist began the
                  | quest for the Orb.
     0 | D:1      | Reached XP level 1. HP: 14/14 MP: 3/3
   309 | D:1      | Reached XP level 2. HP: 17/20 MP: 1/5
   548 | D:1      | Found Egarchefa's Armour Boutique.
   989 | D:1      | Found a faded altar of an unknown god.
  1427 | D:2      | Reached XP level 3. HP: 26/26 MP: 4/6
  1473 | D:2      | Learned a level 3 spell: Frozen Ramparts
  1638 | D:2      | Reached skill level 5 in Ice Magic
  1837 | D:2      | Reached XP level 4. HP: 33/33 MP: 4/7
  2139 | D:3      | You fall into a shaft and drop 1 floor!
  2158 | D:4      | Noticed an ogre
  2226 | D:4      | Noticed a water moccasin
  2238 | D:4      | Noticed Sigmund
  2328 | D:4      | Noticed Dowan
  2330 | D:4      | Slain by a gnoll

Illustrated notes

Levels and vault maps discovered:
D:1:      roderic_chinese_lattice_arrival, layout_loops_corners,
          shapermc_ecumenical_altar_mp_vishouse, serial_shops,
          nicolae_shop_tiny_waterfront, serial_bayou_crossing
D:2:      layout_basic, eino_tiny_chamber, kennysheep_generic_room_9
D:3:      layout_basic, amcnicky_altar_gilded
D:4:      layout_basic, okawaru_ov_weapons_minmay, zin_scriptorium,
          uniq_duvessa, uniq_sigmund

Skill      XL: |  1  2  3 |
---------------+----------+-----
Dodging        | 2 |  2.0
Stealth        | 2 |  2.0
Ice Magic      | 5 |  5.4
Spellcasting   | |  2.4

Action                     |  1- 3 |  4- 6 || total
---------------------------+-------+-------++-------
  Melee: Unarmed           |     2 |       ||     2
         Dagger            |    48 |       ||    48
         Tailslap          |     7 |       ||     7
         Mace              |     1 |       ||     1
   Fire: Sling             |     1 |       ||     1
   Cast: Freeze            |    33 |    10 ||    43
    Use: Scroll            |     3 |     1 ||     4
 Armour: Skin              |    32 |    11 ||    43
  Dodge: Dodged            |    43 |    36 ||    79
